 Dungeon Crawl Stone Soup version 0.19-a0-559-ga3d69d0 (webtiles) character file.

9 ololoev the Firebug (level 2, -4/15 HPs)
             Began as a Deep Elf Fire Elementalist on June 8, 2016.
             Slain by an adder (5 damage)
             ... on level 3 of the Dungeon.
             The game lasted 00:01:49 (305 turns).

ololoev the Firebug (Deep Elf Fire Elementalist)     Turns: 305, Time: 00:01:50

Health: -4/15      AC:  2    Str:  5    XL:     2   Next: 6%
Magic:  0/8        EV: 13    Int: 19    God:
Gold:   29         SH:  0    Dex: 15    Spells: 1 memorised, 6 levels left

rFire  . . .     SeeInvis .     (no weapon)
rCold  . . .     Gourm    .     a - +0 robe
rNeg   . . .     Faith    .     (no shield)
rPois  .         Spirit   .     (no helmet)
rElec  .         Dismiss  .     (no cloak)
rCorr  .         Reflect  .     (no gloves)
SustAt .         Harm     .     (no boots)
MR     .....                    (no amulet)
Stlth  ++........               (no ring)
                                (no ring)

@: lethally poisoned (-4 -> -12), very slightly contaminated, not resistant to
hostile enchantments, unstealthy
A: no striking features
a: no special abilities

Inventory:

Missiles
 f - 8 javelins (quivered)
Armour
 a - a +0 robe (worn)
Scrolls
 i - a scroll of magic mapping {unknown}
Potions
 e - 2 potions of flight {unknown}
 g - a potion of beneficial mutation {unknown}
 h - a potion of cancellation {unknown}
Books
 b - a book of Flames

   Spells                             Type                      Level
   a - Flame Tongue                   Conjuration/Fire             1
   b - Throw Flame                    Conjuration/Fire             2
   c - Conjure Flame                  Conjuration/Fire             3
   d - Inner Flame                    Hexes/Fire                   3
   e - Sticky Flame                   Conjuration/Fire             4
   f - Fireball                       Conjuration/Fire             5
Comestibles
 c - 2 bread rations
 d - a meat ration


   Skills:
 - Level 2.4 Dodging
 - Level 2.4 Stealth
 + Level 3.1 Spellcasting
 * Level 1.8 Conjurations
 + Level 3.5 Fire Magic


You had 6 spell levels left.
You knew the following spells:

 Your Spells              Type           Power        Failure   Level  Hunger
a - Flame Tongue          Conj/Fire      ##...        8%          1    None


You were on level 3 of the Dungeon.
You were not hungry.

You visited 1 branch of the dungeon, and saw 3 of its levels.

You collected 29 gold pieces.

.... #..#..#..l
#.)#.....# ##..#..#..
# .........
#.#..##.#.### #
#.#..##.#...
.##.#.#..##.#S######..
....†.........@.......
##...................
###.#.#####.########
#.#.#####.###
#...)<.......
###.......###
######..# #..... ###

Notes
Turn   | Place    | Note
--------------------------------------------------------------
     0 | D:1      | ololoev the Deep Elf Fire Elementalist began the quest for the Orb.
     0 | D:1      | Reached XP level 1. HP: 10/10 MP: 6/6
   273 | D:2      | Found a sacrificial altar of Ru.
   289 | D:3      | Reached XP level 2. HP: 7/15 MP: 6/8
   305 | D:3      | Slain by an adder

Dungeon Overview and Level Annotations

Branches:
Dungeon (3/15)

Altars:
Ru


Message History

There is a stone staircase leading down here.
You climb downwards.
Found a hunting sling.
There is a stone staircase leading up here.
You see here a hunting sling.
Found 11 gold pieces.
A rat comes into view.
Found 2 scrolls labeled ODYTWE DURPH.
Found a dagger.
Casting: Flame Tongue
Confirm with . or Enter, or press ? or * to list all spells.
Aiming: Flame Tongue
Press: ? - help, Shift-Dir - straight line, f - rat
Aim: a rat The flame tongue hits the rat.
You kill the rat!
You have reached level 2!
You now have 29 gold pieces (gained 11).
An adder and a hobgoblin come into view.
The hobgoblin shouts!
A giant newt comes into view.
The hobgoblin barely misses you.
You see here 2 scrolls labeled ODYTWE DURPH.
Casting: Flame Tongue
Confirm with . or Enter, or press ? or * to list all spells.
Aiming: Flame Tongue
Press: ? - help, Shift-Dir - straight line, f - adder
Aim: an adder The flame tongue hits the hobgoblin.
The hobgoblin is severely wounded.
The hobgoblin hits you.
Casting: Flame Tongue
Confirm with . or Enter, or press ? or * to list all spells.
Aiming: Flame Tongue
Press: ? - help, Shift-Dir - straight line, f - hobgoblin
Aim: a hobgoblin (severely wounded)
You miscast Flame Tongue.
You are very lightly contaminated with residual magic.
The air around you crackles with energy!
The hobgoblin misses you.
Casting: Flame Tongue
Confirm with . or Enter, or press ? or * to list all spells.
Aiming: Flame Tongue
Press: ? - help, Shift-Dir - straight line, f - adder, p - hobgoblin
Aim: an adder The flame tongue hits the hobgoblin.
The hobgoblin appears unharmed.
The hobgoblin is severely wounded.
The hobgoblin barely misses you.
Casting: Flame Tongue
Confirm with . or Enter, or press ? or * to list all spells.
Aiming: Flame Tongue
Press: ? - help, Shift-Dir - straight line, f/p - adder
Aim: an adder The flame tongue hits the hobgoblin.
You kill the hobgoblin!
Casting: Flame Tongue
Confirm with . or Enter, or press ? or * to list all spells.
Aiming: Flame Tongue
Press: ? - help, Shift-Dir - straight line, f/p - adder
Aim: an adder The flame tongue hits the adder.
The adder is moderately wounded.
The adder closely misses you. The adder barely misses you.
Casting: Flame Tongue
Confirm with . or Enter, or press ? or * to list all spells.
Aiming: Flame Tongue
Press: ? - help, Shift-Dir - straight line, f/p - adder
Aim: an adder (moderately wounded)
The flame tongue hits the adder.
The adder is heavily wounded.
The adder bites you.
You are lethally poisoned!
The adder poisons you!
Casting: Flame Tongue
Confirm with . or Enter, or press ? or * to list all spells.
Aiming: Flame Tongue
Press: ? - help, Shift-Dir - straight line, f/p - adder
Aim: an adder (heavily wounded)
The flame tongue misses the adder.
You feel sick. The adder bites you.
You die...

You could see an adder.

Vanquished Creatures
  A dart slug (D:2)
  2 hobgoblins
  A quokka (D:2)
  2 kobolds
  2 rats
8 creatures vanquished.

Action                   || total
-------------------------++-------
Throw: Javelin           ||     3
 Cast: Flame Tongue      ||    14
Dodge: Dodged            ||     8

Vault maps used:
D:1:      lightli_arrival_isolated_outpost, minmay_misc_feat_doors,
          kennysheep_boxes
D:2:      lemuel_statue_altar
D:3:      fedhas_altar_4, nicolae_ashenzari_panopticon, minmay_misc_feat_encased
